AoeStats
← 月中眠

Arena

507495101Analyzed
4v4 RM · 15d ago on Sep 18, 2026· 46m 57s· 8 players
Game mode
Random Map
Map size
Large (8 player)
Population
200
Speed
Normal
Resources
Standard
Victory
Conquest
Starting age
Dark Age
Ending age
Imperial Age
RankedLock teamsTeams togetherTeam positionsShared explorationLock speedFull tech treeHidden civsTurbo modeCheats
Victory
Defeat
🇨🇳 Persians · China
1192
+15
🇬🇧 Chinese · United Kingdom
1191
+15
🇨🇳 Britons · China
1144
+17
🇨🇳 Bulgarians · China
1143
+17
🇸🇪 Wei · Sweden
1216
-19
🇨🇳 Mongols · China
1173
-16
🇨🇳 Turks · China
1147
-15
🇫🇷 Persians · France
1127
-14
Sir_Brouzi
11:39 Feudal Age
12:26 Horse Collar
13:23 Double-Bit Axe
14:00 Loom
17:11 Castle Age
15:52 Gold Mining
18:11 Bow Saw
23:41 Wheelbarrow
29:17 Imperial Age
27:03 Hand Cart
27:20 Heavy Plow
28:33 Gold Shaft Mining
28:10 Husbandry
28:20 Bloodlines
28:27 Scale Barding Armor
28:33 Forging
29:43 Chain Barding Armor
29:02 Cavalier
30:46 Bloodlines
31:20 Iron Casting
30:35 Fletching
30:45 Stone Mining
31:41 Crop Rotation
32:12 Two-Man Saw
31:49 Ballistics
33:00 Thumb Ring
32:15 Crossbowman
34:07 Stone Shaft Mining
34:42 Chemistry
34:44 Padded Archer Armor
34:48 Scale Mail Armor
35:22 Conscription
34:27 Light Cavalry
36:17 Kamandaran
36:55 Savar
40:47 Leather Archer Armor
40:27 Bodkin Arrow
41:20 Bodkin Arrow
42:01 Plate Barding Armor
42:27 Blast Furnace
44:02 Ring Archer Armor
月中眠
11:05 Feudal Age
14:58 Castle Age
13:02 Double-Bit Axe
16:28 Bow Saw
17:54 Horse Collar
22:30 Loom
23:22 Wheelbarrow
25:45 Gold Mining
29:55 Imperial Age
27:13 Town Watch
27:43 Bloodlines
27:36 Husbandry
29:37 Scale Barding Armor
30:21 Elite Steppe Lancer
32:55 Conscription
33:01 Hand Cart
33:51 Chain Barding Armor
33:27 Light Cavalry
35:45 Hussar
37:29 Fletching
38:49 Chemistry
38:10 Ballistics
38:43 Bodkin Arrow
38:48 Padded Archer Armor
38:57 Padded Archer Armor
38:26 Elite Mangudai
bitwise
11:07 Feudal Age
12:30 Loom
15:20 Castle Age
13:20 Double-Bit Axe
13:34 Horse Collar
15:30 Gold Mining
17:01 Bow Saw
19:50 Scale Barding Armor
21:49 Wheelbarrow
21:17 Heavy Plow
22:10 Forging
24:33 Hand Cart
24:59 Gold Shaft Mining
24:18 Stone Mining
29:04 Imperial Age
27:38 Iron Casting
28:21 Bloodlines
28:45 Chain Barding Armor
28:31 Husbandry
29:26 Stone Shaft Mining
29:32 Fletching
29:18 Heavy Hei Guang Cavalry
31:20 Blast Furnace
30:56 Crop Rotation
30:14 Town Watch
31:42 Chemistry
31:03 Ballistics
31:35 Ming Guang Armor
31:32 Bodkin Arrow
32:10 Padded Archer Armor
32:41 Tuntian
33:06 Masonry
33:30 Bracer
33:44 Caravan
33:22 Capped Ram
34:39 Conscription
34:38 Leather Archer Armor
35:33 Thumb Ring
35:53 Parthian Tactics
34:52 Elite Skirmisher
38:40 Elite Tiger Cavalry
42:02 Ring Archer Armor
45:12 Scale Mail Armor
44:34 Pikeman
45:14 Squires
45:00 Arson
黑土
13:10 Feudal Age
13:10 Loom
16:47 Castle Age
15:35 Double-Bit Axe
15:41 Horse Collar
18:15 Bow Saw
23:55 Imperial Age
22:39 Loom
23:17 Gold Mining
23:37 Heavy Plow
24:19 Padded Archer Armor
29:34 Wheelbarrow
37:03 Wheelbarrow
37:47 Two-Man Saw
37:57 Leather Archer Armor
koyomi
9:30 Feudal Age
10:09 Double-Bit Axe
10:04 Horse Collar
16:25 Castle Age
17:37 Loom
22:01 Gold Mining
22:01 Stone Mining
30:11 Imperial Age
28:52 Wheelbarrow
28:26 Fletching
28:36 Padded Archer Armor
30:33 Bodkin Arrow
30:54 Leather Archer Armor
31:20 Conscription
31:22 Warwolf
31:45 Bracer
32:26 Ring Archer Armor
32:47 Hoardings
32:25 Masonry
32:46 Ballistics
33:27 Chemistry
32:31 Town Watch
33:01 Hand Cart
33:06 Scale Mail Armor
33:17 Forging
33:10 Pikeman
33:50 Squires
33:36 Arson
34:15 Yeomen
34:08 Heavy Plow
34:25 Bow Saw
33:56 Elite Longbowman
35:40 Siege Engineers
36:05 Architecture
37:31 Chain Mail Armor
41:51 Gold Shaft Mining
43:17 Halberdier
43:43 Gambesons
44:31 Plate Mail Armor
44:37 Iron Casting
kqq
0:36 Loom
11:13 Feudal Age
14:54 Castle Age
12:55 Horse Collar
13:21 Double-Bit Axe
16:29 Wheelbarrow
19:48 Bow Saw
20:47 Heavy Plow
22:28 Fletching
24:08 Gold Mining
25:09 Bodkin Arrow
25:36 Padded Archer Armor
25:40 Elite Skirmisher
26:27 Thumb Ring
27:35 Ballistics
28:03 Fortified Wall
28:50 Leather Archer Armor
28:22 Pikeman
32:30 Imperial Age
31:54 Squires
31:55 Scale Mail Armor
33:12 Chain Mail Armor
33:15 Bracer
34:33 Ring Archer Armor
35:04 Chemistry
35:22 Two-Man Saw
35:10 Hand Cart
34:20 Halberdier
36:25 Plate Mail Armor
36:05 Forging
37:30 Iron Casting
37:20 Arson
37:14 Elite Chu Ko Nu
38:17 Conscription
38:20 Capped Ram
39:16 Siege Ram
43:35 Blast Furnace
42:41 Scale Barding Armor
43:43 Chain Barding Armor
44:40 Light Cavalry
45:30 Bloodlines
45:20 Husbandry
嘿,延边!
10:21 Feudal Age
12:05 Double-Bit Axe
14:21 Castle Age
12:29 Horse Collar
15:46 Bow Saw
23:24 Gold Mining
24:15 Wheelbarrow
23:26 Loom
24:25 Heavy Plow
25:23 Stone Mining
26:08 Gold Shaft Mining
25:53 Hand Cart
25:23 Town Watch
29:41 Imperial Age
27:21 Husbandry
28:06 Stone Shaft Mining
28:24 Bloodlines
28:30 Scale Barding Armor
28:36 Forging
29:51 Chain Barding Armor
30:07 Iron Casting
29:35 Heavy Camel Rider
31:38 Plate Barding Armor
32:03 Blast Furnace
31:18 Town Patrol
31:25 Cavalier
33:12 Conscription
32:58 Savar
35:29 Chemistry
34:27 Murder Holes
34:44 Masonry
35:01 Elite Skirmisher
36:52 Blast Furnace
35:43 Fletching
35:53 Padded Archer Armor
37:48 Two-Man Saw
37:22 Crop Rotation
37:11 Bodkin Arrow
38:08 Citadels
43:23 Guilds
43:43 Coinage
43:14 Caravan
45:51 Leather Archer Armor
45:36 Scale Mail Armor
Gaody
7:56 Loom
10:13 Feudal Age
15:01 Castle Age
13:52 Double-Bit Axe
23:25 Wheelbarrow
22:52 Stone Mining
22:47 Horse Collar
24:16 Heavy Plow
24:45 Bow Saw
25:37 Gold Mining
29:07 Imperial Age
27:08 Scale Mail Armor
27:19 Forging
27:00 Town Watch
27:45 Ballistics
28:05 Gold Shaft Mining
28:48 Hand Cart
28:51 Chain Mail Armor
29:11 Iron Casting
29:07 Squires
28:29 Pikeman
30:00 Gambesons
29:42 Capped Ram
30:40 Siege Engineers
31:50 Plate Mail Armor
32:21 Blast Furnace
30:46 Halberdier
31:15 Arson
30:52 Siege Ram
32:03 Conscription
33:47 Fletching
34:03 Scale Barding Armor
34:09 Bagains
34:33 Bloodlines
34:23 Husbandry
35:37 Stirrups
36:32 Elite Skirmisher
37:18 Thumb Ring
38:17 Husbandry
37:41 Light Cavalry
38:32 Devotion
41:10 Crop Rotation
41:01 Onager
43:27 Chemistry
42:23 Murder Holes
42:24 Siege Onager
46:57 Caravan
47:29 Coinage
Connection lost

Rejoining the realm…

Still unreachable

The connection could not be restored.

Session expired

The server has moved on; the page needs a fresh start.